 Dungeon Crawl Stone Soup version 0.25.1-2-g60ff931df9 (webtiles) character file.

Game seed: 13444219761289632345

212 Delamore the Skirmisher (level 5, -1/34 HPs)
             Began as a Gargoyle Fighter on Oct 14, 2020.
             Slain by an orc priest
             ... wielding a +0 short sword
              (4 damage)
             ... on level 4 of the Dungeon.
             The game lasted 00:02:34 (3020 turns).

Delamore the Skirmisher (Gargoyle Fighter)          Turns: 3020, Time: 00:02:35

Health: -1/34      AC: 10    Str: 21    XL:     5   Next: 90%
Magic:  5/5        EV:  7    Int:  8    God:
Gold:   175        SH:  9    Dex:  9    Spells: 4/4 levels left

rFire    . . .     SeeInvis .   a - +0 flail
rCold    . . .     Gourm    .   c - +0 kite shield
rNeg     + . .     Faith    .   b - +0 scale mail
rPois    ∞         Spirit   .   (no helmet)
rElec    +         Reflect  .   (no cloak)
rCorr    .         Harm     .   (no gloves)
MR       +....                  (no boots)
Stlth    ..........             (no amulet)
HPRegen  0.11/turn              k - ring of protection from magic
MPRegen  0.09/turn              (no ring)

@: no status effects
A: negative energy resistance 1, electricity resistance, unbreathing,
petrification resistance, rot immunity, AC +4
a: no special abilities


You were on level 4 of the Dungeon.
You were not hungry.

You visited 1 branch of the dungeon, and saw 4 of its levels.

You collected 175 gold pieces.

Inventory:

Hand Weapons
 a - a +0 flail (weapon)
Missiles
 g - 7 silver javelins
 r - 7 datura-tipped darts (quivered)
Armour
 b - a +0 scale mail (worn)
 c - a +0 kite shield (worn)
Jewellery
 k - a ring of protection from magic (left hand)
Scrolls
 e - a scroll of enchant armour
 l - a scroll of remove curse
 m - a scroll of blinking
 p - a scroll of amnesia
 q - 2 scrolls of immolation
 t - a scroll of teleportation
Potions
 d - 2 potions of might
 h - a potion of mutation {unknown}
 i - a potion of haste {unknown}
 n - a potion of curing {unknown}
 o - 3 potions of heal wounds {unknown}
Comestibles
 f - 7 rations
 s - a chunk of flesh


   Skills:
 + Level 4.8 Fighting
 + Level 3.7 Maces & Flails
 - Level 3.2 Armour
 + Level 4.8 Shields


You had 4 spell levels left.
You didn't know any spells.
Your spell library was empty.

Dungeon Overview and Level Annotations

Branches:
Dungeon (4/15)
 Temple: D:4-7

Altars:
Makhleb


Innate Abilities, Weirdness & Mutations

You are resistant to torment.
Your stone body is resilient. (AC +4)
You are immune to poison.
You resist negative energy. (rN+)
You are resistant to electric shocks. (rElec)
You can survive without breathing.
You are immune to petrification.
You are immune to rotting.


Message History

The orc priest is severely wounded.
The orc priest hits you but does no damage.
The orc hits you but does no damage.
The orc priest looks braver for a moment.
You block the orc's attack.
You hit the orc priest.
The orc priest is severely wounded.
The orc priest invokes the aid of Beogh against you.
Beogh smites you! The orc closely misses you.
The orc priest looks braver for a moment.
You block the orc's attack. x2
The orc priest invokes the aid of Beogh against you.
Beogh smites you!
* * * LOW HITPOINT WARNING * * *
The orc priest hits you but does no damage.
You block the orc's attack.
You hit the orc priest but do no damage.
The orc priest is severely wounded.
The orc priest hits you with a +0 short sword.
You die...

#.# #.# #.#
#.#
##########
#.#
.........#
####.#######
.#######.#
#..oo.......
.# #.#
#.#o@o## .#
#.####...>..#
.#
#......#...##
.#
#.#######.##
.# #.# #.#
.#######.#
#.# #
.........#
##+## .#
#.##.##.##
##...## ##.#
#.##.##.#
##.....##
...#


You could see 2 orc priests and 2 orcs.

Vanquished Creatures
  An ice beast (D:2)
  5 adders
  2 worms
  A dart slug (D:1)
  2 orcs (D:3)
  3 giant cockroaches
  9 goblins
  7 hobgoblins
  3 jackals (D:2)
  2 quokkas
  9 ball pythons
  4 bats
  5 frilled lizards
  14 kobolds
  9 rats
76 creatures vanquished.

Notes
Turn   | Place    | Note
-------+----------+-------------------------------------------
     0 | D:1      | Delamore the Gargoyle Fighter began the quest for the Orb.
     0 | D:1      | Reached XP level 1. HP: 14/14 MP: 1/1
   226 | D:1      | Reached XP level 2. HP: 19/19 MP: 2/2
  1055 | D:2      | Reached XP level 3. HP: 23/24 MP: 3/3
  1418 | D:2      | Noticed an ice beast
  1428 | D:2      | Killed an ice beast
  1428 | D:2      | Reached XP level 4. HP: 30/30 MP: 4/4
  1428 | D:2      | Reached XP level 5. HP: 34/34 MP: 5/5
  2272 | D:2      | Found a burning altar of Makhleb.
  3020 | D:4      | Slain by an orc priest

Illustrated notes

Levels and vault maps discovered:
D:1:      lemuel_arrival_hallway, layout_basic
D:2:      layout_loops_ring, marbit_many_paths, minmay_snake_closets
D:3:      layout_basic, first_ration
D:4:      layout_loops_corners, portal_sewer_entry_b, uniq_pikel, uniq_robin,
          uniq_edmund, uniq_duvessa, uniq_menkaure

Skill      XL: |  1  2  3 |
---------------+----------+-----
Fighting       | 4 |  4.8
Maces & Flails | 3 |  3.7
Shields        | 4 |  4.8
Armour         | |  3.2

Action                   |  1- 3 |  4- 6 || total
-------------------------+-------+-------++-------
Melee: Flail             |   153 |   171 ||   324
  Use: Scroll            |       |     6 ||     6
  Eat: Chunk             |     2 |     5 ||     7
Armor: Scale mail        |    86 |    72 ||   158
Dodge: Dodged            |    54 |    55 ||   109
Block: Kite shield       |   100 |   105 ||   205
